AoeStats
← ME_DEPRIME_JUGAR_CON_USTEDES

Arena

507623825Analyzed
4v4 RM · 12d ago on Sep 19, 2026· 54m 19s· 8 players
Game mode
Random Map
Map size
Large (8 player)
Population
200
Speed
Normal
Resources
Standard
Victory
Conquest
Starting age
Dark Age
Ending age
Imperial Age
RankedLock teamsTeams togetherTeam positionsShared explorationLock speedFull tech treeHidden civsTurbo modeCheats
Victory
Defeat
🇺🇸 Magyars · United States
1472
+14
🇨🇴 Lithuanians · Colombia
1447
+15
🇺🇸 Hindustanis · United States
1427
+16
🇭🇰 Teutons · Hong Kong SAR China
1392
+17
🇦🇷 Huns · Argentina
1532
-20
🇦🇷 Italians · Argentina
1429
-16
🇦🇷 Vikings · Argentina
1371
-13
🇦🇷 Spanish · Argentina
1354
-13
Hugh Jayniss
5:14 Loom
8:05 Feudal Age
11:56 Town Watch
13:13 Fletching
20:41 Double-Bit Axe
23:25 Horse Collar
29:38 Castle Age
30:36 Bodkin Arrow
31:36 Guard Tower
32:54 Wheelbarrow
32:43 Bow Saw
35:53 Hand Cart
36:32 Hand Cart
36:17 Gold Mining
40:50 Imperial Age
38:35 Pikeman
39:16 Scale Mail Armor
40:03 Forging
39:39 Man-at-Arms
40:34 Gambesons
40:21 Long Swordsman
41:02 Squires
40:47 Arson
41:27 Two-Handed Swordsman
42:43 Iron Casting
42:26 Champion
46:34 Chain Mail Armor
47:47 Chemistry
49:15 Blast Furnace
51:26 Two-Man Saw
51:16 Plate Mail Armor
52:06 Halberdier
Alt+F4 | Haise
10:52 Feudal Age
14:59 Castle Age
12:47 Double-Bit Axe
12:43 Horse Collar
16:46 Wheelbarrow
17:03 Loom
17:10 Gold Mining
20:10 Bow Saw
22:10 Stone Mining
24:50 Husbandry
25:01 Forging
26:00 Scale Barding Armor
29:57 Imperial Age
27:36 Fletching
28:34 Chain Barding Armor
29:12 Gold Shaft Mining
28:33 Bodkin Arrow
29:04 Padded Archer Armor
28:38 Elite Skirmisher
29:44 Hand Cart
30:58 Ballistics
31:02 Conscription
31:22 Sanctity
31:20 Bracer
33:21 Chemistry
32:41 Leather Archer Armor
34:03 Ring Archer Armor
34:21 Siege Engineers
33:46 Light Cavalry
34:37 Bloodlines
36:48 Iron Casting
39:43 Blast Furnace
39:05 Hussar
40:50 Heavy Camel Rider
42:07 Plate Barding Armor
43:45 Heavy Plow
44:17 Imperial Camel Rider
51:48 Coinage
51:40 Caravan
53:44 Scale Mail Armor
53:30 Town Watch
Takerofthehill
10:42 Feudal Age
15:02 Castle Age
13:05 Horse Collar
14:52 Double-Bit Axe
19:50 Fervor
20:30 Scale Barding Armor
23:22 Bloodlines
24:03 Chain Barding Armor
24:29 Bow Saw
24:28 Loom
24:38 Gold Mining
28:03 Wheelbarrow
30:19 Hand Cart
30:44 Gold Shaft Mining
33:41 Imperial Age
34:12 Cavalier
34:53 Husbandry
35:10 Heavy Plow
36:31 Plate Barding Armor
38:18 Conscription
38:24 Paladin
40:24 Town Watch
40:09 Light Cavalry
43:02 Caravan
42:42 Hussar
42:44 Capped Ram
44:26 Stone Mining
[MLTS] RKotzen
5:16 Loom
7:40 Feudal Age
11:11 Fletching
19:58 Double-Bit Axe
23:39 Castle Age
21:46 Horse Collar
25:18 Bow Saw
31:52 Imperial Age
30:08 Heavy Plow
30:33 Padded Archer Armor
30:44 Elite Skirmisher
31:21 Bodkin Arrow
34:17 Chemistry
33:35 Leather Archer Armor
35:06 Two-Man Saw
41:08 Crossbowman
43:55 Man-at-Arms
44:36 Squires
44:37 Scale Mail Armor
44:47 Forging
44:59 Conscription
44:52 Arson
45:05 Long Swordsman
45:43 Two-Handed Swordsman
46:43 Chain Mail Armor
47:09 Iron Casting
46:46 Champion
49:00 Caravan
50:26 Crop Rotation
49:47 Gold Mining
49:48 Stone Mining
50:29 Guard Tower
51:00 Ballistics
50:47 Bracer
52:43 Keep
53:02 Ring Archer Armor
350 pero pregriloso
10:42 Feudal Age
14:29 Fletching
18:05 Castle Age
19:42 Loom
27:02 Padded Archer Armor
27:14 Gold Mining
27:27 Horse Collar
27:35 Double-Bit Axe
30:00 Leather Archer Armor
31:41 Bodkin Arrow
33:39 Wheelbarrow
37:01 Imperial Age
34:56 Forging
35:13 Scale Barding Armor
37:01 Iron Casting
36:46 Chain Barding Armor
36:41 Bow Saw
36:35 Husbandry
36:45 Bloodlines
38:51 Blast Furnace
39:01 Two-Man Saw
39:46 Plate Barding Armor
39:12 Bracer
39:43 Ring Archer Armor
39:45 Conscription
39:10 Light Cavalry
41:43 Chemistry
40:53 Heavy Plow
40:17 Elite Skirmisher
41:30 Town Watch
46:09 Ballistics
47:02 Stone Mining
46:59 Pikeman
47:39 Squires
48:09 Arson
49:02 Scale Mail Armor
49:30 Hand Cart
51:53 Chain Mail Armor
54:45 Town Patrol
JLoops
11:22 Feudal Age
14:51 Castle Age
13:09 Double-Bit Axe
14:27 Horse Collar
16:27 Bow Saw
16:21 Heavy Plow
23:53 Wheelbarrow
25:43 Hand Cart
26:10 Loom
27:01 Gold Mining
29:52 Imperial Age
27:30 Fletching
28:01 Ballistics
27:46 Siphons
28:01 Ballistics
27:55 Padded Archer Armor
28:17 Bodkin Arrow
28:21 Town Watch
28:27 Stone Mining
29:32 Leather Archer Armor
29:55 Stone Shaft Mining
31:33 Chemistry
30:34 Bracer
30:48 Pirotechnia
31:35 Conscription
31:04 Onager
32:30 Crop Rotation
33:00 Two-Man Saw
32:45 Ring Archer Armor
32:27 Masonry
32:30 Capped Ram
34:32 Silk Road
34:55 Architecture
36:40 Elite Genoese Crossbowman
37:56 Hoardings
39:00 Squires
39:01 Scale Mail Armor
40:33 Chain Mail Armor
40:54 Thumb Ring
41:57 Plate Mail Armor
41:37 Forging
42:00 Pikeman
44:32 Iron Casting
46:23 Blast Furnace
50:55 Town Patrol
52:04 Elite Skirmisher
53:17 Fortified Wall
ME_DEPRIME_JUGAR_CON_USTEDES
12:26 Feudal Age
13:18 Double-Bit Axe
14:25 Wheelbarrow
16:40 Castle Age
14:55 Horse Collar
18:15 Bow Saw
20:51 Forging
21:49 Scale Barding Armor
24:01 Gold Mining
27:23 Devotion
31:32 Iron Casting
35:38 Imperial Age
33:14 Scale Mail Armor
33:13 Pikeman
34:27 Chain Mail Armor
34:42 Heavy Plow
35:02 Hand Cart
35:52 Halberdier
36:55 Conscription
38:19 Blast Furnace
40:45 Coinage
40:25 Loom
41:02 Chain Barding Armor
40:33 Fletching
40:43 Padded Archer Armor
41:24 Thumb Ring
40:40 Crossbowman
41:48 Parthian Tactics
42:51 Two-Man Saw
42:36 Gold Shaft Mining
43:26 Bodkin Arrow
44:58 Chemistry
44:15 Bracer
43:39 Heavy Cavalry Archer
45:37 Leather Archer Armor
45:45 Ballistics
46:41 Elite Skirmisher
47:58 Plate Barding Armor
49:15 Masonry
Nikems
7:34 Loom
9:51 Feudal Age
12:03 Fletching
13:25 Double-Bit Axe
19:12 Horse Collar
28:57 Castle Age
29:03 Pikeman
29:43 Squires
55:05 Imperial Age
55:18 Imperial Age
Connection lost

Rejoining the realm…

Still unreachable

The connection could not be restored.

Session expired

The server has moved on; the page needs a fresh start.